 Dungeon Crawl Stone Soup version 0.22-a0-803-gd6d8abeff0 (webtiles) character file.

2762 Holzbalken the Cruncher (level 9, -2/61 HPs)
             Began as a Demonspawn Gladiator on July 22, 2018.
             Killed by nerve-wracking pain
             ... invoked by an orc priest
              (14 damage)
             ... on level 7 of the Dungeon.
             The game lasted 00:30:42 (6325 turns).

Holzbalken the Cruncher (Demonspawn Gladiator)      Turns: 6325, Time: 00:30:43

Health: -2/61      AC: 12    Str: 23    XL:     9   Next: 42%
Magic:  9/9        EV: 11    Int:  9    God:
Gold:   415        SH:  0    Dex: 15    Spells: 8/8 levels left

rFire    . . .     SeeInvis .   a - +1 quarterstaff
rCold    . . .     Gourm    +   (shield currently unavailable)
rNeg     . . .     Faith    .   w - +0 chain mail
rPois    .         Spirit   .   c - +0 helmet
rElec    .         Reflect  .   (no cloak)
rCorr    .         Harm     .   m - +1 pair of gloves
MR       +....                  (no boots)
Stlth    ..........             q - amulet of the gourmand
HPRegen  0.20/turn              e - ring of protection from magic
MPRegen  0.11/turn              x - +5 ring of strength

@: lethally poisoned (-2 -> -7)
A: talons 2, repulsion field 1, spiny 2
a: no special abilities


You were on level 7 of the Dungeon.
You were very full.

You visited 2 branches of the dungeon, and saw 8 of its levels.
You also visited: Ossuary.

You collected 415 gold pieces.

Inventory:

Hand Weapons
 a - a +1 quarterstaff (weapon)
Missiles
 d - 3 throwing nets (quivered)
Armour
 c - a +0 helmet (worn)
 m - a +1 pair of gloves (worn)
 w - a +0 chain mail (worn)
Jewellery
 e - a ring of protection from magic (left hand)
 o - an uncursed ring of protection from magic
 q - an amulet of the gourmand (around neck)
 x - a +5 ring of strength (right hand)
Wands
 v - a wand of flame (22)
Scrolls
 b - 10 scrolls of teleportation
 k - a scroll of amnesia
 l - 4 scrolls of fear
 n - 2 scrolls of fog
 u - a scroll of immolation
 y - 3 scrolls of remove curse
 z - a scroll of noise {unknown}
 E - a scroll of magic mapping {unknown}
 G - a scroll of enchant weapon
Potions
 h - 2 potions of might
 i - 5 potions of curing
 j - 2 potions of agility
 p - 2 potions of resistance
 r - 3 potions of mutation
 t - 2 potions of magic
 A - a potion of brilliance {unknown}
 B - a potion of cancellation
 C - 2 potions of lignification
 D - a potion of flight
 F - a potion of heal wounds
Comestibles
 f - 15 rations
 g - 15 chunks of flesh


   Skills:
 - Level 2.0 Fighting
 * Level 11.4 Staves
 - Level 1.7 Throwing
 + Level 3.7 Armour
 - Level 2.6 Dodging


You had 8 spell levels left.
You didn't know any spells.
Your spell library was empty.

Dungeon Overview and Level Annotations

Branches:
Dungeon (7/15)             Temple (1/1) D:6

Altars:
Cheibriados
Elyvilon
Fedhas
Hepliaklqana
Makhleb
Qazlal
Ru
Sif Muna
Vehumet
Wu Jian
Xom
Yredelemnul
Zin
The Shining One

Shops:
D:4 }


Innate Abilities, Weirdness & Mutations

You have razor-sharp toenails.
You are surrounded by a mild repulsion field. (EV +2)
You are mostly covered in sharp spines.


Message History

You feel sick.
The kobold unwields an uncursed blowgun.
The kobold is struck by your spines.
You kill the kobold!
You feel sick.
The orc priest looks encouraged for a moment.
Things that are here:
an uncursed blowgun; 3 poisoned needles; a kobold corpse You closely miss the orc priest.
You claw the orc priest.
The orc priest is lightly wounded.
You feel sick.
You sock the orc priest!
The orc priest is severely wounded.
The orc priest hits you but does no damage.
You hit the orc priest.
The orc priest is almost dead.
You feel sick.
The orc priest invokes the aid of Beogh against you.
Pain shoots through your body!
You die...

#.......######.K #.#####..().##..
#.# #.###.##.. #.# #.K.K..... #.#
#(###.##.. ##### #.#####.#.......
#...# #..÷)(†)#....... #...#
#########).#.........
####.<.#####.(.@o.(...#.#.......
##.........##(#####......#......#
................####..#########.#
##..........###..# #..# #
####.......# #..# #..#
#...###.###..# ##.# #...#
#..)..## #.# ##### ####..# ..#
#.)####..##


You could see an orc priest.

Vanquished Creatures
  Joseph (D:7)
  Prince Ribbit (D:5)
  Sigmund (D:2)
  A wyvern (D:5)
  A water moccasin (D:6)
  An orc warrior (D:7)
  An ice beast (D:6)
  A sky beast (D:5)
  2 ogres (D:5)
  A centaur (D:5)
  A gnoll sergeant (D:7)
  3 killer bees (D:7)
  2 howler monkeys
  A crimson imp (D:5)
  A bullfrog zombie (D:5)
  3 hounds
  A gnoll shaman (D:6)
  2 orc priests (D:7)
  An orc wizard (D:3)
  Terence (D:3)
  A bullfrog skeleton (D:6)
  A centaur skeleton (D:5)
  2 iguanas
  Natasha (thrice) (D:2)
  4 worker ants
  6 big kobold zombies (Ossuary)
  A mummy (Ossuary)
  Robin (D:2)
  10 adders
  9 gnolls
  A shadow imp (D:7)
  4 worms
  A dart slug (D:1)
  6 leopard geckos
  15 orcs
  A spectral bat (Ossuary)
  2 ball pythons
  6 giant cockroaches
  6 gnoll zombies (Ossuary)
  11 goblins
  7 hobgoblins
  13 jackals
  9 kobolds
  10 bats
  4 bat simulacra (Ossuary)
  A frilled lizard (D:1)
  A goblin simulacrum (Ossuary)
  3 goblin zombies (Ossuary)
  4 hobgoblin zombies (Ossuary)
  A jackal zombie (D:7)
  3 kobold simulacra (Ossuary)
  6 kobold zombies (Ossuary)
  A leopard gecko skeleton (D:4)
  5 orc zombies (Ossuary)
  14 rats
  2 rat simulacra (Ossuary)
  6 spectral goblins (Ossuary)
  A spectral kobold (Ossuary)
  A spectral rat (Ossuary)
210 creatures vanquished.

Vanquished Creatures (others)
  A hobgoblin (D:2)
1 creature vanquished.

Grand Total: 211 creatures vanquished

Notes
Turn   | Place    | Note
-------+----------+-------------------------------------------
     0 | D:1      | Holzbalken the Demonspawn Gladiator began the quest for the Orb.
     0 | D:1      | Reached XP level 1. HP: 16/16 MP: 1/1
    64 | D:1      | Reached skill level 3 in Staves
   153 | D:1      | Gained mutation: You are surrounded by a mild repulsion field. (EV +2) [demonic ancestry]
   153 | D:1      | Reached XP level 2. HP: 13/22 MP: 2/2
  1093 | D:1      | Reached XP level 3. HP: 21/27 MP: 3/3
  1207 | D:2      | Noticed Natasha
  1258 | D:2      | Found a stormy altar of Qazlal.
  1282 | D:2      | Noticed Sigmund
  1293 | D:2      | Killed Sigmund
  1293 | D:2      | Reached skill level 5 in Staves
  1293 | D:2      | Gained mutation: You are partially covered in sharp spines. [demonic ancestry]
  1293 | D:2      | Reached XP level 4. HP: 32/33 MP: 4/4
  1293 | D:2      | Gained mutation: You have sharp toenails. [demonic ancestry]
  1293 | D:2      | Reached XP level 5. HP: 37/38 MP: 5/5
  1344 | D:2      | Killed Natasha
  1394 | D:2      | Noticed Robin
  1408 | D:2      | Killed Robin
  1408 | D:2      | Reached skill level 6 in Staves
  1638 | D:2      | Noticed Natasha
  1649 | D:2      | Killed Natasha
  1649 | D:2      | Reached XP level 6. HP: 31/44 MP: 6/6
  1993 | D:2      | Noticed Natasha
  2000 | D:2      | Killed Natasha
  2178 | D:3      | Noticed Terence
  2188 | D:3      | Killed Terence
  3366 | D:4      | Found Fane's Gadget Shoppe.
  3422 | D:4      | Reached skill level 7 in Staves
  3735 | D:4      | Gained mutation: You are mostly covered in sharp spines. [demonic ancestry]
  3735 | D:4      | Reached XP level 7. HP: 44/50 MP: 7/7
  3766 | D:4      | Found a shimmering altar of Xom.
  3875 | D:5      | Entered Level 5 of the Dungeon
  3960 | D:5      | Reached skill level 8 in Staves
  3963 | D:5      | Noticed a wyvern
  3966 | D:5      | Killed a wyvern
  4012 | D:5      | Noticed Prince Ribbit
  4037 | D:5      | Killed Prince Ribbit
  4037 | D:5      | Reached skill level 9 in Staves
  4037 | D:5      | Gained mutation: You have razor-sharp toenails. [demonic ancestry]
  4037 | D:5      | Reached XP level 8. HP: 21/56 MP: 8/8
  4509 | D:5      | Reached skill level 10 in Staves
  4753 | D:6      | Found a staircase to the Ecumenical Temple.
  4857 | D:6      | Found a blossoming altar of Fedhas.
  4905 | D:6      | Reached skill level 1 in Armour
  4950 | D:6      | Found a sand-covered staircase.
  4957 | Ossuary  | Entered an ossuary
  5314 | Temple   | Entered the Ecumenical Temple
  5788 | D:7      | Reached XP level 9. HP: 58/61 MP: 9/9
  6118 | D:7      | Reached skill level 11 in Staves
  6160 | D:7      | Noticed Joseph
  6175 | D:7      | Killed Joseph
  6325 | D:7      | Killed from afar by an orc priest

Vault maps used:
D:1:      tarquinn_simple_flora_water_f
D:2:      first_ration, grunt_qazlal_clouds, uniq_robin, uniq_natasha,
          uniq_sigmund
D:3:      uniq_terence
D:4:      serial_shops, kennysheep_mini_moat, tgw_xom
D:5:      uniq_prince_ribbit1
D:6:      kennysheep_mini, minmay_temple_entry_grid,
          chequers_ossuary_entry_cave, hangedman_decor_clover_reticule,
          small_statue_intersection, minmay_misc_feat_rows
D:7:      lemuel_doored_altar, minmay_overflow_temple_hex, the_bakery,
          uniq_joseph
Temple:   jpeg_temple_clearing
Ossuary:  ossuary_zaba_two_paths

Skill      XL: |  1  2  3  4  5  6  7  8  9 |
---------------+----------------------------+-----
Staves         | 3 5 6 7 9 10 11 | 11.4
Armour         | 2 3 |  3.7
Fighting       | |  2.0
Throwing       | |  1.7
Dodging        | |  2.6

Action                   |  1- 3 |  4- 6 |  7- 9 || total
-------------------------+-------+-------+-------++-------
Melee: Quarterstaff      |    84 |   116 |   255 ||   455
       Kick              |       |    23 |   101 ||   124
  Use: Scroll            |       |    10 |     7 ||    17
  Eat: Chunk             |     4 |    16 |     8 ||    28
Armor: Leather armour    |    20 |       |       ||    20
       Ring mail         |    15 |    12 |       ||    27
       Chain mail        |       |    22 |    72 ||    94
Dodge: Dodged            |    57 |    63 |    90 ||   210

Table legend:
 A = Spawn XP
 B = Non-spawn XP
 C = Spawn XP percentage of total XP
 D = Spawn monster count
 E = Non-spawn monster count
 F = Spawn count percentage of total count
 G = Total turns spent on level
                    A         B        C        D         E        F      G
               +---------+---------+-------+---------+---------+-------+---------
         Total |       0 |    3946 |   0.0 |       0 |     210 |   0.0 |  6325
               +---------+---------+-------+---------+---------+-------+---------
           D:1 |       0 |      41 |   0.0 |       0 |      25 |   0.0 |  1228
           D:2 |       0 |     391 |   0.0 |       0 |      30 |   0.0 |   908
           D:3 |       0 |     151 |   0.0 |       0 |      23 |   0.0 |  1146
           D:4 |       0 |     189 |   0.0 |       0 |      20 |   0.0 |   593
           D:5 |       0 |    1309 |   0.0 |       0 |      21 |   0.0 |   868
           D:6 |       0 |     485 |   0.0 |       0 |      16 |   0.0 |   650
           D:7 |       0 |    1159 |   0.0 |       0 |      25 |   0.0 |   544
       Ossuary |       0 |     221 |   0.0 |       0 |      50 |   0.0 |   295
               +---------+---------+-------+---------+---------+-------+---------
